 Dungeon Crawl Stone Soup version 0.19.1 (webtiles) character file.

59 Rikke the Covered (level 3, -9/34 HPs)
             Began as a Deep Dwarf Fighter on Dec 3, 2016.
             Mangled by an ogre
             ... wielding a +0 giant spiked club
              (20 damage)
             ... on level 5 of the Dungeon.
             The game lasted 00:12:45 (995 turns).

Rikke the Covered (Deep Dwarf Fighter)               Turns: 995, Time: 00:12:46

Health: -9/34      AC:  5    Str: 20    XL:     3   Next: 78%
Magic:  3/3        EV:  8    Int:  8    God:
Gold:   98         SH:  9    Dex: 12    Spells: 0 memorised, 2 levels left

rFire  . . .     SeeInvis .     a - +0 long sword
rCold  . . .     Gourm    .     s - +0 ring mail (curse)
rNeg   . . .     Faith    .     c - +0 shield
rPois  .         Spirit   .     (no helmet)
rElec  .         Reflect  .     (no cloak)
rCorr  .         Harm     .     (no gloves)
MR     .....     Rnd*Tele +     (no boots)
Stlth  +.........               (no amulet)
                                (no ring)
                                r - ring of teleportation (curse)

@: non-regenerating
A: damage resistance, recharge devices, sense surroundings 1, slow regeneration
3
a: Device Recharging


You were on level 5 of the Dungeon.
You were not hungry.

You visited 1 branch of the dungeon, and saw 5 of its levels.

You collected 98 gold pieces.

Inventory:

Hand Weapons
 a - a +0 long sword (weapon)
Missiles
 g - 48 bolts
 h - 24 sling bullets
 p - 12 poisoned needles
Armour
 b - a +0 scale mail
 c - a +0 shield (worn)
 j - a +0 leather armour
 m - a +0 robe
 s - a cursed +0 ring mail (worn)
Jewellery
 r - a cursed ring of teleportation (left hand)
Wands
 e - a wand of heal wounds (4/9)
Scrolls
 k - 2 scrolls of remove curse {unknown}
 l - a scroll of immolation {unknown}
 n - a scroll of silence {unknown}
 o - a scroll of identify {unknown}
Potions
 d - a potion of might
 i - a potion of berserk rage {*, unknown}
Comestibles
 f - 3 bread rations


   Skills:
 + Level 3.2 Fighting
 + Level 2.4 Long Blades
 + Level 4.0 Armour
 + Level 0.4 Dodging
 + Level 3.7 Shields


You had 2 spell levels left.
You didn't know any spells.

Dungeon Overview and Level Annotations

Branches:
Dungeon (5/15)
 Temple: D:4-7

Altars:


Innate Abilities, Weirdness & Mutations

You are resistant to damage.
You can recharge devices by infusing magical energy.
You passively map a small area around you.
You do not regenerate.


Message History

You barely miss the ogre. The quokka closely misses you.
You riposte.
You miss the quokka. You block the ogre's attack.
The quokka bites you but does no damage.
You closely miss the ogre. You block the quokka's attack.
The ogre hits you with a giant spiked club!
You hit the ogre but do no damage.
The quokka bites you but does no damage.
You block the quokka's attack.
The ogre hits you with a giant spiked club!
You hit the ogre.
The ogre is lightly wounded.
You block the quokka's attack.
The crimson imp summons a swarm of flies.
The crimson imp barely misses you.
You slash the ogre!
The ogre is heavily wounded.
The quokka bites you.
The ogre hits you with a giant spiked club!!
Ouch! That really hurt!
You die...

, , , , .... #.#
, ....# #.#
.....##.# * ,
......... , ,
......#.##* ,
.........#*, , ,
......O..# , ,
......5@.# * ,
,.......r.# * *
..!.......# , ,
, ,...........>,
............. ,
,............#..
, .............
. ,
.#.....[....## *
,


You could see an ogre, a crimson imp and a quokka.

Vanquished Creatures
  An iguana (D:4)
  A worm (D:2)
  2 leopard geckos (D:2)
  An orc (D:3)
  2 ball pythons
  3 bats
  A giant cockroach (D:1)
  2 goblins
  2 hobgoblins
  2 jackals (D:2)
  5 frilled lizards
  3 kobolds (D:1)
  3 rats (D:2)
28 creatures vanquished.

Vanquished Creatures (others)
  A leopard gecko (D:2)
  A jackal (D:2)
2 creatures vanquished.

Grand Total: 30 creatures vanquished

Notes
Turn   | Place    | Note
-------+----------+-------------------------------------------
     0 | D:1      | Rikke the Deep Dwarf Fighter began the quest for the Orb.
     0 | D:1      | Reached XP level 1. HP: 20/20 MP: 1/1
   279 | D:2      | Reached XP level 2. HP: 23/28 MP: 2/2
   816 | D:3      | Reached XP level 3. HP: 33/34 MP: 3/3
   943 | D:4      | Reached skill level 4 in Armour
   977 | D:5      | Entered Level 5 of the Dungeon
   988 | D:5      | Noticed an ogre
   995 | D:5      | Mangled by an ogre

Skill      XL: |  1  2  3 |
---------------+----------+-----
Fighting       | 3 |  3.2
Armour         | 4 |  4.0
Long Blades    | |  2.4
Dodging        | |  0.4
Shields        | |  3.7

Action                   || total
-------------------------++-------
Melee: Long sword        ||   113
Evoke: Wand              ||     1
  Eat: Pizza             ||     1
Armor: Scale mail        ||    43
       Ring mail         ||     2
Dodge: Dodged            ||    29
Block: Shield            ||    75
       Rpst.: Long sword ||     8
